Cogmind - Beta 10.2 @@@ ROGUE MODE // 2022.01.05 @ 17:07:08 Player: Gaef Result: Destroyed by G-47 Trooper with Particle Gun Performance ------------- Evolutions (0) 0 Regions Visited (2) 400 Robots Destroyed (10) 50 Value Destroyed (235) 235 Prototype IDs (0) 0 Alien Tech Used (0) 0 Bonus (0) 0 TOTAL SCORE: 685 Bonus ------- None Cogmind --------- Core Integrity 0/250 Matter 450/450 Energy 100/100 System Corruption 2% Temperature Cool (9) Movement Core (150) Ox2 Location -10/Mines Parts ------- > --- POWER (1) -------- (None) > --- PROPULSION (2) --- (None) > --- UTILITY (2) ------ Small Storage Unit Large Matter Pod > --- WEAPON (2) ------- (None) > --- INVENTORY (6) ---- Wheel Compact Wheel Datajack Datajack Peak State ------------ > --- POWER ------------ Light Nuclear Core > --- PROPULSION ------- Light Treads Light Treads > --- UTILITY ---------- Small Storage Unit Large Matter Pod > --- WEAPON ----------- Medium Laser Particle Gun > --- INVENTORY -------- Wheel Compact Wheel Light Assault Rifle Datajack Datajack [Rating: 10] Favorites ----------- Power Ion Engine Engine Ion Engine Power Core Light Nuclear Core Propulsion Light Treads Treads Light Treads Utility Small Storage Unit Storage Small Storage Unit Weapon Light Assault Rifle Energy Gun Medium Laser Ballistic Gun Light Assault Rifle Special Melee Weapon Datajack Build | -11 -10 -10 ------- Run | Scr Mat Min Slots Evolved . | . . . Power . | . . . Propulsion . | . . . Utility . | . . . Weapon . | . . . Parts Attached 14 | 6 8 . Power 2 | 1 1 . Engine 1 | 1 . . Core 1 | . 1 . Reactor . | . . . Propulsion 2 | 2 . . Treads 2 | 2 . . Leg . | . . . Wheel . | . . . Hover . | . . . Flight . | . . . Utility 2 | 1 1 . Device . | . . . Storage 2 | 1 1 . Processor . | . . . Hackware . | . . . Protection . | . . . Artifact . | . . . Weapon 8 | 2 6 . Energy Gun 2 | . 2 . Energy Cannon . | . . . Ballistic Gun 4 | 2 2 . Ballistic Cannon . | . . . Launcher . | . . . Special Weapon . | . . . Impact Weapon . | . . . Slashing Weapon . | . . . Piercing Weapon . | . . . Special Melee Weapon 2 | . 2 . Unidentified Prototypes . | . . . Parts Lost 7 | . 2 5 Power 2 | . 1 1 Propulsion 2 | . . 2 Utility . | . . . Weapon 3 | . 1 2 Highest Loss Streak 3 | . 1 3 Average Slot Usage (%) 87 | . 97 55 Engine 7 | . 9 . Core 5 | . 3 9 Treads 24 | . 28 12 Storage 27 | . 27 28 Energy Gun 4 | . 4 4 Ballistic Gun 17 | . 22 . Naked Turns . | . . . Heaviest Build 17 | 11 17 12 Greatest Support 40 | 40 40 40 Greatest Overweight (x) 3 | 3 . 3 Average Overweight (x) . | . . . Largest Inventory Capacity 6 | 6 6 6 Average Capacity 5 | 5 6 6 Most Carried 6 | 3 6 4 Average Carried 2 | 1 3 4 Final Capacity 6 | 6 6 6 Final Carried 4 | 2 4 4 Class Distribution -------------------- 100% | Mutant Dominant Class ---------------- Mutant | -10/Materials Mutant | -10/Mines Resources | -11 -10 -10 ----------- Run | Scr Mat Min Matter Collected 489 | 268 221 . Remotely . | . . . Salvage Created 372 | 87 285 . Parts 18 | 1 17 . Haulers Intercepted . | . . . Recyclers Shooed . | . . . Parts Field Recycled . | . . . Retrieved Matter . | . . . Parts Self-Destructed . | . . . Prevented . | . . . Kills | -11 -10 -10 ------- Run | Scr Mat Min Combat Hostiles Destroyed 8 | . 8 . Guns 8 | . 8 . Classes Destroyed 4 | 1 3 . Recycler 1 | 1 . . Watcher 1 | . 1 . Swarmer 3 | . 3 . Grunt 5 | . 5 . Best Kill Streak 6 | 1 6 . Combat Bots Only 4 | . 4 . Max Kills in Single Turn 1 | 1 1 . Gunslinging . | . . . Exploded . | . . . Melee . | . . . Uniques/NPCs Destroyed . | . . . Combat | -11 -10 -10 -------- Run | Scr Mat Min Damage Taken 1015 | . 429 586 Core 258 | . 66 192 Absorbed by Shields . | . . . Core Remaining (%) 100 | 100 . . Volleys Fired 42 | 4 33 5 Largest 2 | 2 2 2 Hottest 115 | 40 115 115 Shots Fired 79 | 8 62 9 Gun 79 | 8 62 9 Cannon . | . . . Launcher . | . . . Special . | . . . Kinetic 68 | 8 60 . Thermal 11 | . 2 9 Explosive . | . . . Electromagnetic . | . . . Robot Hit Streak 12 | 7 12 4 Robot Miss Streak 2 | . 2 1 Penetration Max . | . . . Secondary Targets 2 | . 2 . Max Gunslinging Chain 1 | . 1 . Shots Hit Robots 61 | 7 47 7 Core Hits 29 | 2 19 8 Critical Hits 1 | . 1 . Critical Kills 1 | . 1 . Critical Parts Destroyed . | . . . Melee Attacks 2 | . 2 . Impact . | . . . Slashing . | . . . Piercing . | . . . Sneak Attacks . | . . . Combat Hostiles . | . . . Follow-up Attacks . | . . . Damage Inflicted 506 | 53 341 112 Guns 488 | 53 341 94 Cannons . | . . . Explosions . | . . . Melee . | . . . Ramming 18 | . . 18 Kinetic 394 | 53 341 . Thermal 94 | . . 94 Explosive . | . . . Electromagnetic . | . . . Impact . | . . . Slashing . | . . . Piercing . | . . . Highest Corruption 2 | . . 2 Average Corruption 2 | . . 2 Corruption Purged . | . . . Effects 1 | . . 1 Message Errors 1 | . . 1 Overload Shots . | . . . Overflow Damage . | . . . Projectiles . | . . . Explosions . | . . . Melee . | . . . Knockbacks . | . . . Impact . | . . . Kinetic . | . . . Secondary . | . . . Self-Inflicted Damage 6 | . . 6 Shots . | . . . Rammed 17 | . . 17 Targets Rammed 17 | . . 17 Kicked . | . . . Crushed . | . . . Highest Temperature 335 | . 60 335 Average Temperature 95 | . 14 177 Received Heat Transfer 507 | . 192 315 Siege Activations . | . . . Robots Corrupted . | . . . Combat Hostiles . | . . . Parts Fried . | . . . Impact Corruptions . | . . . Robots Melted . | . . . Combat Hostiles . | . . . Parts Melted . | . . . Heat Transferred 259 | . . 259 Parts Sabotaged . | . . . Parts Stolen . | . . . Parts Stripped . | . . . Power Chain Reactions . | . . . Missiles Intercepted . | . . . Alert | -11 -10 -10 ------- Run | Scr Mat Min Peak Influence 235 | 5 235 91 Initial 91 | . 3 91 Average 83 | 2 115 75 Maximum Alert Level 1 | . 1 . Low Security (%) 80 | 100 67 100 Level 1 19 | . 32 . Level 2 . | . . . Level 3 . | . . . Level 4 . | . . . Level 5 . | . . . High Security . | . . . Max Security . | . . . Squads Dispatched 2 | . 2 . Investigation . | . . . Extermination . | . . . Reinforcement 2 | . 2 . Assault . | . . . Garrison . | . . . Intercept . | . . . Construction Impeded . | . . . Haulers Reinforced . | . . . Stealth | -11 -10 -10 --------- Run | Scr Mat Min Distress Signals 2 | . 2 . Communications Jammed . | . . . Distress Signals . | . . . Times Spotted 19 | . 15 4 Peak Tracking Total 5 | . 5 2 Tactical Retreats 3 | . 1 2 Traps | -11 -10 -10 ------- Run | Scr Mat Min Traps Triggered . | . . . Indirectly . | . . . Trap Hack Attempts . | . . . Triggered . | . . . Disarmed . | . . . Reprogrammed . | . . . Reused . | . . . Traps Extracted . | . . . Installed . | . . . Triggered . | . . . Machines | -11 -10 -10 ---------- Run | Scr Mat Min Machines Disabled . | . . . Max in Single Turn . | . . . Machines Sabotaged . | . . . Garrisons Compromised . | . . . Overloaded Fab Kills . | . . . Fab Network Shutdowns . | . . . Hacking | -11 -10 -10 --------- Run | Scr Mat Min Machines Accessed 1 | . 1 . Terminals 1 | . 1 . Fabricators . | . . . Repair Stations . | . . . Recycling Units . | . . . Scanalyzers . | . . . Garrison Access . | . . . Total Hacks 3 | . 3 . Successful 1 | . 1 . Failed 2 | . 2 . Catastrophic . | . . . Database Lockouts . | . . . Manual . | . . . Terminals 3 | . 3 . Fabricators . | . . . Repair Stations . | . . . Recycling Units . | . . . Scanalyzers . | . . . Garrison Access . | . . . Terminal Hacks 1 | . 1 . Record 1 | . 1 . Fabricator Hacks . | . . . Repair Station Hacks . | . . . Recycling Unit Hacks . | . . . Scanalyzer . | . . . Garrison Access Hacks . | . . . Unauthorized Hacks . | . . . Terminals . | . . . Fabricators . | . . . Repair Stations . | . . . Recycling Units . | . . . Scanalyzers . | . . . Garrison Access . | . . . Data Cores Recovered . | . . . Used . | . . . Hacking Detections 1 | . 1 . Full Trace Events 1 | . 1 . Feedback Events . | . . . Feedback Blocked . | . . . Robot Schematics Acquired . | . . . Robots Built . | . . . Matter . | . . . Time . | . . . Total Robot Build Rating . | . . . Part Schematics Acquired . | . . . Parts Built . | . . . Matter . | . . . Time . | . . . Total Part Build Rating . | . . . Parts Repaired . | . . . Time . | . . . Parts Recycled . | . . . Recycled Matter . | . . . Retrieved Matter . | . . . Retrieved Components . | . . . Parts Scanalyzed . | . . . Part Schematics Acquired . | . . . Parts Damaged . | . . . Bothacking | -11 -10 -10 ------------ Run | Scr Mat Min Used RIF Installer . | . . . Robots Hacked 1 | . 1 . Non-combat . | . . . Combat 1 | . 1 . Robot Hacks Applied 1 | . 1 . parse_system 1 | . 1 . Relay Couplers Released . | . . . Robots Rewired . | . . . Allies Hacked . | . . . Hacks Repelled . | . . . Allies | -11 -10 -10 -------- Run | Scr Mat Min Total Allies . | . . . Largest Group . | . . . Highest-Rated Group . | . . . Highest-Rated Ally . | . . . Total Orders . | . . . Ally Attacks . | . . . Total Damage . | . . . Kills . | . . . Allies Corrupted . | . . . Allies Melted . | . . . Intel | -11 -10 -10 ------- Run | Scr Mat Min Robot Analysis Total . | . . . Derelict Logs Recovered . | . . . Drone Launches . | . . . Drone Recoveries . | . . . Exploration | -11 -10 -10 ------------- Run | Scr Mat Min Turns Passed 552 | 124 333 95 Spaces Moved 225 | 65 132 28 Core 16 | 12 . 4 Treads 209 | 53 132 24 Legs . | . . . Wheels . | . . . Hover . | . . . Flight . | . . . Fastest Speed 50 | 50 160 150 Average Speed 158 | 154 160 160 Slowest Speed 200 | 200 160 200 Overloaded Moves . | . . . Propulsion Burnouts . | . . . Robots Hopped . | . . . Cave-ins Triggered . | . . . Exploration Rate (%) 13 | 5 24 12 Regions Visited 2 Branch Regions 1 Pre-discovered Areas . | . . . Known Exits Taken . | . . . Unknown Exits Taken 2 | 1 1 . Scrap Searched . | . . . Spaces Dug . | . . . Terrain Destroyed . | . . . Melee . | . . . Projectile . | . . . AOE . | . . . Terrain Rammed . | . . . Walls Destroyed . | . . . Machines Disabled . | . . . Actions | -11 -10 -10 --------- Run | Scr Mat Min Total 342 | 82 200 60 Wait 27 | . 17 10 Move 223 | 64 131 28 Hop . | . . . Pick Up 15 | 8 7 . Fast Attach . | . . . Attach 9 | 6 3 . Detach . | . . . Swap 5 | . 5 . Drop 2 | . 2 . Fire 42 | 4 33 5 Melee 2 | . 2 . Ram 17 | . . 17 Kick . | . . . Crush . | . . . Escape Stasis . | . . . Rewire . | . . . Trap . | . . . Miscellaneous . | . . . Route ------- -11/Scrapyard -10/Materials -10/Mines History --------- Turn | Location | Event 13 | -11/Scrapyard | Discovered new exit (range 16) 125 | -11/Scrapyard | Entered Materials 303 | -10/Materials | Build established: Mutant 438 | -10/Materials | Discovered new exit (range 12) 458 | -10/Materials | Entered Mines 517 | -10/Mines | Lost 3 parts (1n2w) 526 | -10/Mines | Core integrity fell below 50% 546 | -10/Mines | Core integrity fell below 20% 553 | -10/Mines | Destroyed by G-47 Trooper with Particle Gun Last Messages --------------- LOCATION=UNKNOWN GOAL=ESCAPE Something is scanning the area. Destroyed Sml. Laser. Particle Gun destroyed. Med. Laser destroyed. Lgt. Treads destroyed. Slammed into G-47 Trooper. Lgt. Nuclear Core destroyed. Slammed into G-47 Trooper. Destabilizing: Core damaged (-7). Slammed into G-47 Trooper. Destabilizing: Core damaged (-7). Slammed into G-47 Trooper. Destabilizing: System corrupted (+2). Slammed into G-47 Trooper. BECJRUWV9NQ6QLF5FBF=9L:VN08U R:M DCH Slammed into G-47 Trooper. Destabilizing: Core damaged (-10). Slammed into G-47 Trooper. Map ----- +----------------------------------------------------+ | ????????????????????????????????????????????? | | ????????????????????????????????????????????? | | ????????????????????????????????????????????? | | ????????????????????????????????????????????? | | ????????????????????????????????????????????? | | ????????????????????????????????????????????? | | ????????????????????????????????????????????? | | ?????????????? ?????????????????????????????? | | ?????????????? ????????????????????????????? | | ??????????????# ???????????????????????????? | | ????????????### ??????????????????????????? | | ???????????? ??????????????????????????? | | ????????????? #????????????????????????? | | ????????????? #???????????????????????? | | ?????????????? ##??????????????????????? | | ??????????????? ##????###??????????????? | | ???????????????# ##??# ##?#???????????? | | ???????????????# """ ### # ##??????????? | | ?########??????# """ ??????????? | | ?# #??????# """ ???????????? | | ?# #???????# #??????????????? | | ?# #????????# #??????????????? | | ?# """ #????????## ##?????????????? | | ?# """ #????????## ##????????????? | | ?# """ ##########% #????????????? | | ?# % % @ #???????????? | | ?#### # %%% g #???????????? | | ????# ############# ##???????????? | | ????# #????????????#########????????????? | | ????#######?????????????????????????????????? | | ????????????????????????????????????????????? | | | | | | | | | | | | | | | | | | | | | | | | | | | | | | | | | | | | | | | +----------------------------------------------------+ Best States ------------- Heat Dissipation 25 Energy Generation 14 Energy Capacity 250 Matter Stores 450 Matter Capacity 450 Sight Range 16 Terrain Scan Density 10 Evasion (%) 40 Recoil Reduction 2 Item Schematics ----------------- None Robot Schematics ------------------ None Fabricated ------------ Nothing Alien Tech Used ----------------- None Achievements -------------- Crack Shot Challenges ------------ None Game ------ Seed LargeFocalStripper Manual? 0 Play Time 00:19:11 Cumulative 1.2 hours Start 2022.01.05 @ 16:45:47 End 2022.01.05 @ 17:07:08 Sessions 1 Manual Loads 0 Difficulty Rogue Special Mode None Game No. 4 Rogue 4 Adventurer 0 Explorer 0 Win Type - Total 0 Types 0/0/0/0/0/0/0/0/0 Lore% 1 Gallery% 4 Achievement% 4 Wizard Run 0 Options --------- ASCII 0 Keyboard 0 Movement Numpad Keybinds 0 Fullscreen 1 Font 18/SmallcapsGlow Map View 76x50 Tactical HUD 0 Map Filters NONE Filters NONE Steam 1 RUN: 672262de-d600-4ce8-af22-2cbf397cee8b